 Dungeon Crawl Stone Soup version 0.30-a0-634-g8abc85282e (webtiles) character file.

Game seed: 9935022249407708543

683 pokeman the Thaumaturge (level 7, -1/40 HPs)
             Began as a Deep Elf Hedge Wizard on Jan 14, 2023.
             Shot with an arrow by a centaur (10 damage)
             ... on level 6 of the Dungeon.
             The game lasted 00:06:39 (5397 turns).

pokeman the Thaumaturge (Deep Elf Hedge Wizard)     Turns: 5397, Time: 00:06:39

Health: -1/40      AC:  7    Str:  7    XL:     7   Next: 35%
Magic:  8/20       EV: 12    Int: 21    God:
Gold:   205        SH:  0    Dex: 14    Spells: 11/22 levels left

rFire   + . .      SeeInvis .    v - +2 spear (venom)
rCold   . . .      Faith    .    (no shield)
rNeg    . . .      Spirit   .    x - +3 leather armour
rPois   .          Reflect  .    l - +0 helmet
rElec   .          Harm     .    (no cloak)
rCorr   .          Rampage  .    (no gloves)
Will    .....                    (no boots)
Stlth   ++                       (no amulet)
HPRegen 0.26/turn                p - ring of protection from fire
MPRegen 0.17/turn                u - ring of wizardry

@: very slightly contaminated
A: no striking features
a: no special abilities


You were on level 6 of the Dungeon.
You visited 1 branch of the dungeon, and saw 6 of its levels.

You collected 205 gold pieces.

Inventory:

Hand Weapons
 v - a +2 spear of venom (weapon)
Armour
 l - a +0 helmet (worn)
 x - a +3 leather armour (worn)
Jewellery
 p - a ring of protection from fire (left hand)
 u - a ring of wizardry (right hand)
Scrolls
 a - 4 scrolls of identify {unknown}
 c - 2 scrolls of immolation {unknown}
 g - 2 scrolls of fear {unknown}
 h - a scroll of amnesia {unknown}
 k - a scroll of acquirement {unknown}
 m - a scroll of magic mapping {unknown}
 n - 2 scrolls of torment {unknown}
 t - a scroll of teleportation {unknown}
Potions
 d - 2 potions of magic
 e - 4 potions of curing {unknown}
 f - a potion of heal wounds {unknown}
 i - a potion of mutation {unknown}
 j - a potion of ambrosia {unknown}
 o - a potion of brilliance {unknown}
 q - 2 potions of haste {unknown}
 r - a potion of invisibility {unknown}
 s - a potion of flight {unknown}
 w - a potion of lignification {unknown}


   Skills:
 - Level 2.1 Fighting
 - Level 2.1 Armour
 - Level 3.0 Dodging
 - Level 3.0 Stealth
 * Level 8.0 Spellcasting
 + Level 3.9 Conjurations
 - Level 1.1 Summonings
 - Level 1.1 Translocations
 + Level 0.9 Air Magic
 + Level 0.2 Earth Magic
 - Level 1.3 Poison Magic


You had 11 spell levels left.
You knew the following spells:

 Your Spells              Type           Power      Damage    Failure   Level
a - Magic Dart            Conj           100%       1d8       1%          1
b - Mephitic Cloud        Conj/Pois/Air  17%        N/A       6%          3
c - Call Imp              Summ           13%        N/A       4%          2
d - Blink                 Tloc           26%        N/A       4%          2
e - Stone Arrow           Conj/Erth      34%        3d9       6%          3

Your spell library contained the following spells:

 Spells                   Type           Power      Damage    Failure   Level
 Shock                    Conj/Air       72%        1d7       1%          1
 Momentum Strike          Conj/Tloc      38%        3d9       2%          2
 Sandblast                Erth           18%        2d7       4%          1
 Slow                     Hex            32%        N/A       4%          1
 Cigotuvi's Dreadful Rot  Necr/Pois/Air  22%        N/A       5%          2
 Passwall                 Tmut/Erth      7%         N/A       7%          2
 Lesser Beckoning         Tloc           26%        N/A       9%          3
 Swiftness                Air            12%        N/A       10%         3
 Kindle Blastsparks       Fire/Tloc/Air  22%        2d11      11%         3
 Ignite Poison            Fire/Tmut/Pois 10%        N/A       12%         3
 Summon Lightning Spire   Summ/Air       12%        N/A       28%         4
 Airstrike                Air            6%         2d(1-17)  30%         4
 Freezing Cloud           Conj/Ice/Air   7%         6-21      52%         5
 Storm Form               Tmut/Air       5%         N/A       100%        7
 Maxwell's Capacitive Co  Air            6%         ∞         100%        8


Dungeon Overview and Level Annotations

Branches:
Dungeon (6/15)
 Temple: D:4-7

Altars:

Annotations:
D:4 4 runed translucent doors, Crazy Yiuf; themarg's ghost, novice GnTm


Message History

There is a stone staircase leading up here.
Found a stone staircase leading down.
A centaur comes into view.
The centaur shouts!
The centaur wields a +0 shortbow.
The centaur shoots an arrow.
The arrow hits you!
The centaur shoots an arrow.
The arrow hits you.
Casting: Stone Arrow (dangerous; 6% risk of failure)
Confirm with . or Enter, or press ? or * to list all spells.
Aiming: Stone Arrow (dangerous; 6% risk of failure)
Press: ? - help, Shift-Dir - straight line, f - centaur
Aim: a centaur, wielding a +0 shortbow (81% to hit)
The stone arrow misses the centaur.
The centaur shoots an arrow.
The arrow hits you.
Casting: Stone Arrow (dangerous; 6% risk of failure)
Confirm with . or Enter, or press ? or * to list all spells.
Aiming: Stone Arrow (dangerous; 6% risk of failure)
Press: ? - help, Shift-Dir - straight line, f/p - centaur
Aim: a centaur, wielding a +0 shortbow (81% to hit)
You miscast Stone Arrow.
You are very lightly contaminated with residual magic.
Nothing appears to happen.
The centaur shoots an arrow.
The arrow hits you.
Casting: Stone Arrow (dangerous; 6% risk of failure)
Confirm with . or Enter, or press ? or * to list all spells.
Aiming: Stone Arrow (dangerous; 6% risk of failure)
Press: ? - help, Shift-Dir - straight line, f/p - centaur
Aim: a centaur, wielding a +0 shortbow (81% to hit)
The stone arrow hits the centaur!
The centaur is heavily wounded.
The centaur shoots an arrow.
The arrow barely misses you.
Casting: Stone Arrow (dangerous; 6% risk of failure)
Confirm with . or Enter, or press ? or * to list all spells.
Aiming: Stone Arrow (dangerous; 6% risk of failure)
Press: ? - help, Shift-Dir - straight line, f/p - centaur
Aim: a centaur, wielding a +0 shortbow (heavily wounded, 81% to hit)
You miscast Stone Arrow.
Nothing appears to happen.
The centaur shoots an arrow.
The arrow hits you!
* * * LOW HITPOINT WARNING * * *
The centaur shoots an arrow.
The arrow hits you!
You die...

#.# #.#
#.# #.#
#<# #.#
#.# #..
#.###c....
#.@....>..
##########


You could see a centaur.

Vanquished Creatures
  An ice beast (D:5)
  An ogre (D:4)
  2 necrophages
  A howler monkey (D:5)
  A hound (D:5)
  An orc wizard (D:5)
  11 adders
  3 gnolls (D:4)
  2 worms
  2 dart slugs
  7 orcs
  3 endoplasms
  3 giant cockroaches
  5 goblins
  4 hobgoblins
  4 jackals (D:2)
  3 quokkas
  12 ball pythons
  3 bats
  2 frilled lizards
  6 kobolds
  3 rats
80 creatures vanquished.

Vanquished Creatures (collateral kills)
  A black bear (D:4)
1 creature vanquished.

Grand Total: 81 creatures vanquished

Notes
Turn   | Place    | Note
-------+----------+-------------------------------------------
     0 | D:1      | pokeman the Deep Elf Hedge Wizard began the quest for the
                  | Orb.
     0 | D:1      | Reached XP level 1. HP: 10/10 MP: 7/7
   179 | D:1      | Reached XP level 2. HP: 15/15 MP: 4/9
   758 | D:1      | Reached skill level 5 in Spellcasting
  1159 | D:2      | Reached XP level 3. HP: 14/20 MP: 2/11
  1163 | D:2      | Learned a level 3 spell: Mephitic Cloud
  1166 | D:2      | Learned a level 2 spell: Call Imp
  1169 | D:2      | Learned a level 2 spell: Blink
  1185 | D:2      | Learned a level 3 spell: Stone Arrow
  1381 | D:2      | Reached skill level 1 in Armour
  1386 | D:2      | Reached skill level 1 in Fighting
  1571 | D:2      | You fall into a shaft and drop 1 floor!
  1611 | D:3      | Found a faded altar of an unknown god.
  2224 | D:3      | Reached XP level 4. HP: 25/25 MP: 7/13
  3161 | D:4      | Noticed a necrophage
  3166 | D:4      | Killed a necrophage
  3167 | D:4      | Reached skill level 6 in Spellcasting
  3167 | D:4      | Reached XP level 5. HP: 29/29 MP: 5/15
  3242 | D:4      | Noticed an ogre
  3248 | D:4      | Killed an ogre
  3357 | D:4      | Found a runed translucent gate.
  3358 | D:4      | Found a runed translucent gate.
  3359 | D:4      | Found a runed translucent gate.
  3359 | D:4      | Identified the +8 chain mail "Seaneuh" {rF+ Str-2 Stlth+}
  3359 | D:4      | Noticed an orc warrior
  3359 | D:4      | Noticed themarg's ghost (novice GnTm)
  3361 | D:4      | Identified the +2 dagger "Seom" {protect, rElec rF- rN+++
                  | Int-4}
  3432 | D:4      | Noticed a black bear
  3504 | D:4      | Reached XP level 6. HP: 35/35 MP: 4/17
  3540 | D:4      | Reached skill level 7 in Spellcasting
  3919 | D:4      | Found a runed translucent door.
  3920 | D:4      | Noticed Crazy Yiuf
  4295 | D:5      | Entered Level 5 of the Dungeon
  4899 | D:5      | Reached XP level 7. HP: 40/40 MP: 3/20
  5045 | D:5      | Reached skill level 1 in Poison Magic
  5187 | D:5      | Reached skill level 8 in Spellcasting
  5397 | D:6      | Shot with an arrow by a centaur

Illustrated notes

Levels and vault maps discovered:
D:1:      minmay_arrival_open_corners, layout_basic
D:2:      layout_basic
D:3:      layout_basic, shapermc_ecumenical_altar_ellora, serial_bayou_pond_c
D:4:      layout_basic, biasface_ghost_orc_armoury, uniq_crazy_yiuf_cottage
D:5:      layout_loops_ring
D:6:      kennysheep_kobold_camp, layout_loops_corners,
          chequers_temple_overflow_minitemple, chequers_serial_rivers_large_b

Skill      XL: |  1  2  3  4  5  6  7 |
---------------+----------------------+-----
Spellcasting   | 5 6 7 8 |  8.0
Conjurations   | 2 3 |  3.9
Armour         | 1 2 |  2.1
Fighting       | 1 2 |  2.1
Stealth        | 3 |  3.0
Dodging        | 3 |  3.0
Poison Magic   | 1 |  1.3
Summonings     | |  1.1
Translocations | |  1.1
Air Magic      | |  0.9
Earth Magic    | |  0.2

Action                   |  1- 3 |  4- 6 |  7- 9 || total
-------------------------+-------+-------+-------++-------
Melee: Dagger            |     6 |       |       ||     6
       Short sword       |    17 |     7 |       ||    24
       Spear             |       |     6 |     4 ||    10
       Punch             |       |     1 |       ||     1
 Cast: Magic Dart        |   103 |   107 |     7 ||   217
       Stone Arrow       |       |     8 |     6 ||    14
       Mephitic Cloud    |       |     4 |       ||     4
       Call Imp          |       |     2 |       ||     2
 Stab: Sleeping          |     1 |       |       ||     1
Armor: Robe              |     7 |     8 |       ||    15
       Leather armour    |       |       |     2 ||     2
Dodge: Dodged            |    17 |    18 |     2 ||    37

Table legend: (Time is in decaauts)
 A = Elapsed time spent in this place.
 B = Non-inter-level travel time spent in this place.
 C = Inter-level travel time spent in this place.
 D = Time resting spent in this place.
 E = Time spent auto-exploring this place.
 F = Levels seen in this place.
 G = Mean time per level.
                   A        B        C        D        E       F      G
               +--------+--------+--------+--------+--------+-----+--------+
         Total |   5404 |   5297 |    107 |     76 |   4658 |   6 |  900.7 |
       Dungeon |   5404 |   5297 |    107 |     76 |   4658 |   6 |  900.7 |
               +--------+--------+--------+--------+--------+-----+--------+

Top non-repeatable levels by time:
     D:4: 1343 daAuts
     D:5: 1093 daAuts
     D:3: 1012 daAuts
     D:1: 992 daAuts
     D:2: 953 daAuts
     D:6: 8 daAuts
